Map: [ESL] Oceanborn

Players

Dark - Winner!

  • Race: Zerg Zerg
  • Spawn Location: 11:00

ShoWTimE

  • Race: Protoss Protoss
  • League: Diamond
  • Spawn Location: 5:00

Event: IEM Katowice 2024

VOD

Have the link to the VOD?

Description

Time

  • Played on: Feb. 8, 2024, 3:54 p.m.
  • Length: 10:23

All games in this series

Show
View Real Time Build Order
Export as new Build Order

Dark Zerg - Winner!

Build Orders: Hatch First 

Get SALT Encoding   

  12  0:00  Drone  
  13  0:12  Overlord  
  13  0:16  Drone  
  14  0:30  Drone x2  
  16  0:48  Hatchery  
  15  0:51  Drone  
  15  0:55  Drone  
  17  0:58  Drone  
  18  1:09  Extractor  
  17  1:13  Spawning Pool  
  17  1:16  Drone  
  17  1:20  Drone  
  18  1:29  Drone  
  19  1:39  Drone  
  20  1:54  Drone  
  20  2:00  Queen x2  
  26  2:01  Zergling x4  
  27  2:12  Overlord  
  27  2:13  Drone, Metabolic Boost  
  28  2:31  Drone x2  
  30  2:38  Queen  
  30  2:43  Hatchery  
  31  2:47  Zergling x2  
  31  2:48  Zergling x2  
  33  2:53  Overlord  
  33  2:56  Zergling x2  
  33  2:57  Zergling x2  
  35  3:01  Zergling x2  
  36  3:06  Drone, Spore Crawler  
  36  3:11  Drone x3  
  36  3:12  Drone  
  40  3:14  Drone  
  40  3:16  Drone  
  42  3:21  Drone  
  42  3:23  Overlord  
  42  3:26  Spore Crawler  
  42  3:37  Overlord  
  42  3:41  Queen  
  42  3:43  Drone x3  
  42  3:48  Drone x2  
  48  3:49  Drone  
  48  3:55  Queen  
  52  3:56  Drone  
  52  3:59  Drone x2  
  55  4:04  Zergling x2  
  55  4:06  Drone  
  57  4:15  Drone x2  
  56  4:17  Queen x2  
  56  4:22  Drone  
  56  4:23  Drone x3  
  64  4:25  Spore Crawler  
  64  4:30  Drone x2  
  65  4:35  Overlord  
  65  4:37  Zergling x2, Spore Crawler  
  65  4:41  Evolution Chamber  
  65  4:42  Zergling x2  
  65  4:44  Overlord  
  65  4:53  Overlord  
  65  4:54  Zergling x4  
  65  4:59  Drone x7  
  69  5:02  Drone  
  69  5:04  Lair  
  69  5:05  Drone  
  69  5:06  Drone  
  68  5:07  Drone  
  68  5:12  Zerg Melee Weapons Level 1  
  68  5:13  Drone x2  
  71  5:15  Drone  
  71  5:16  Drone  
  71  5:19  Drone x2  
  76  5:21  Drone  
  76  5:23  Drone x2  
  76  5:27  Extractor  
  75  5:29  Extractor  
  75  5:31  Drone  
  75  5:36  Drone x2  
  75  5:38  Hatchery  
  75  5:39  Drone x3  
  75  5:40  Drone  
  80  5:43  Extractor, Drone x2  
  80  5:44  Extractor  
  80  5:46  Drone x2  
  82  5:50  Overlord  
  82  5:52  Overlord  
  77  6:05  Drone x4  
  77  6:07  Overseer  
  77  6:09  Hydralisk Den  
  80  6:11  Drone x2  
  80  6:14  Zergling x14  
  80  6:17  Zergling x2  
  90  6:18  Zergling x4  
  90  6:21  Overlord  
  90  6:24  Zergling x2  
  93  6:28  Overlord  
  93  6:35  Drone x2  
  93  6:36  Drone x2  
  97  6:42  Hydralisk, Grooved Spines  
  97  6:43  Hydralisk x3  
  97  6:45  Overlord  
  97  6:46  Overlord  
  97  6:47  Hydralisk x4  
  104  6:50  Hydralisk  
  104  6:52  Drone  
  115  6:54  Drone, Infestation Pit  
  115  6:58  Hydralisk  
  117  7:06  Drone x2  
  119  7:13  Zergling x16  
  127  7:16  Zergling x6  
  127  7:17  Drone  
  127  7:19  Spore Crawler  
  130  7:23  Zergling x2  
  130  7:24  Hydralisk x2  
  135  7:32  Muscular Augments  
  135  7:33  Roach Warren  
  135  7:34  Zerg Missile Weapons Level 1, Overlord x2  
  135  7:36  Overlord  
  134  7:41  Hydralisk  
  135  7:44  Hydralisk  
  135  7:46  Zergling x2  
  135  7:48  Overlord  
  135  7:50  Overlord x3  
  125  7:54  Hydralisk x5  
  131  8:01  Overseer  
  131  8:08  Overlord  
  131  8:09  Hydralisk x2  
  135  8:14  Glial Reconstitution  
  135  8:15  Roach x8  
  135  8:16  Roach  
  135  8:18  Roach  
  157  8:20  Roach  
  157  8:24  Roach x2  
  159  8:27  Roach x2  
  159  8:31  Zergling x10  
  167  8:36  Roach x4  
  167  8:40  Roach  
  167  8:41  Roach x2  
  180  8:42  Roach  
  180  8:48  Roach x3  
  188  8:49  Roach  
  188  8:53  Roach  
  188  8:55  Overlord  
  190  8:57  Overlord  
  190  9:00  Roach, Overlord  
  192  9:04  Overlord  
  192  9:05  Overlord  
  192  9:15  Hydralisk  
  177  9:18  Roach x9  
  177  9:21  Roach x2  
  190  9:27  Hydralisk x2  
  190  9:30  Roach x2  
  196  9:33  Roach x2  
  196  9:35  Hydralisk  
  200  9:50  Roach x2  
  200  9:51  Overlord x2  
  190  9:54  Hydralisk x4  
  190  9:57  Roach  
  190  9:59  Zergling x20  
  194  10:05  Zergling x2  
Show
View Real Time Build Order
Export as new Build Order

ShoWTimE Protoss 

Build Orders: 1 Gate Expand, Oracle Opening, Zealot Archon 

Get SALT Encoding   

  12  0:00  Probe  
  13  0:12  Probe  
  14  0:19  Pylon  
  14  0:24  Probe  
  15  0:37  Probe (Chrono Boost)  
  15  0:39  Gateway  
  16  0:46  Probe (Chrono Boost)  
  16  0:49  Assimilator  
  17  0:51  Probe (Chrono Boost)  
  18  1:03  Probe  
  19  1:15  Probe  
  20  1:25  Nexus  
  20  1:35  Cybernetics Core  
  20  1:38  Probe  
  21  1:45  Assimilator  
  21  1:50  Probe  
  21  1:52  Pylon  
  22  2:02  Probe  
  23  2:08  Adept (Chrono Boost)  
  23  2:14  Probe  
  26  2:22  Stargate  
  26  2:27  Probe (Chrono Boost)  
  26  2:28  Adept (Chrono Boost)  
  27  2:36  Warp Gate  
  29  2:37  Probe (Chrono Boost)  
  31  2:44  Probe (Chrono Boost)  
  31  2:46  Probe (Chrono Boost)  
  31  2:51  Probe (Chrono Boost), Adept  
  33  2:52  Probe (Chrono Boost)  
  36  2:59  Pylon  
  36  3:05  Probe x2  
  38  3:06  Oracle (Chrono Boost)  
  39  3:17  Probe x2  
  41  3:21  Adept  
  41  3:22  Gateway  
  43  3:29  Probe x2  
  45  3:37  Oracle (Chrono Boost), Pylon  
  48  3:42  Probe  
  48  3:43  Probe  
  50  3:55  Nexus  
  50  3:57  Probe  
  50  3:58  Probe  
  50  4:02  Pylon  
  52  4:07  Oracle (Chrono Boost)  
  55  4:19  Assimilator, Probe x2  
  55  4:21  Assimilator  
  55  4:22  Pylon  
  57  4:26  Adept x2  
  61  4:32  Probe x2  
  61  4:36  Forge  
  63  4:40  Twilight Council  
  63  4:44  Probe x2  
  65  4:50  Stalker  
  65  4:51  Stalker  
  69  4:56  Probe x2  
  63  5:08  Gateway, Probe x2 (Chrono Boost)  
  63  5:09  Gateway  
  63  5:11  Probe (Chrono Boost)  
  63  5:12  Shield Battery  
  64  5:19  Stalker  
  64  5:20  Probe (Chrono Boost)  
  68  5:22  Stalker  
  68  5:24  Probe (Chrono Boost)  
  68  5:25  Probe (Chrono Boost)  
  68  5:26  Probe (Chrono Boost)  
  68  5:27  Protoss Ground Weapons Level 1 (Chrono Boost), Charge (Chrono Boost)  
  72  5:29  Probe (Chrono Boost)  
  72  5:32  Probe  
  72  5:35  Probe  
  75  5:40  Assimilator  
  75  5:41  Probe  
  76  5:43  Assimilator  
  76  5:44  Probe  
  76  5:47  Probe  
  76  5:49  Robotics Facility  
  78  5:53  Probe  
  78  5:57  Gateway, Probe  
  80  5:59  Probe  
  81  6:04  Gateway  
  81  6:05  Probe  
  81  6:06  Templar Archives  
  81  6:09  Probe  
  81  6:10  Zealot x2  
  88  6:11  Probe  
  88  6:14  Photon Cannon  
  88  6:17  Pylon, Probe  
  89  6:21  Probe  
  90  6:27  Pylon  
  90  6:31  Gateway  
  90  6:32  Zealot  
  92  6:33  Gateway  
  92  6:34  Pylon  
  92  6:39  Zealot x3  
  98  6:40  Pylon  
  98  6:49  Warp Prism (Chrono Boost)  
  98  6:51  Pylon  
  100  6:55  High Templar x2  
  100  6:58  Nexus  
  100  6:59  Archon  
  104  7:01  High Templar x2  
  104  7:04  High Templar  
  104  7:05  High Templar  
  112  7:09  Archon x2, Pylon  
  112  7:11  Probe x3  
  115  7:19  Protoss Ground Weapons Level 2 (Chrono Boost)  
  115  7:20  Observer (Chrono Boost), Photon Cannon  
  115  7:21  Shield Battery  
  116  7:26  Probe x3  
  119  7:34  Zealot x2  
  119  7:35  Zealot x4  
  131  7:38  Probe  
  131  7:39  Probe  
  131  7:40  Probe  
  131  7:41  Psionic Storm  
  110  8:02  High Templar x4, Immortal (Chrono Boost)  
  110  8:03  Probe  
  110  8:04  Probe  
  124  8:07  Assimilator  
  124  8:09  Assimilator  
  124  8:14  Zealot x4  
  124  8:19  Probe  
  134  8:20  Probe  
  134  8:22  Photon Cannon, Probe  
  134  8:24  Photon Cannon  
  134  8:25  Shield Battery  
  133  8:27  Pylon  
  133  8:29  Shield Battery  
  133  8:31  Shield Battery  
  133  8:34  Immortal (Chrono Boost)  
  133  8:37  High Templar x3  
  133  8:41  Probe  
  142  8:42  Photon Cannon  
  142  8:44  Photon Cannon, Pylon  
  142  8:46  Zealot x3  
  142  8:47  Zealot  
  150  9:03  Immortal (Chrono Boost)  
  150  9:05  Forge  
  150  9:08  Zealot x3  
  160  9:12  Zealot x2  
  160  9:13  Zealot x3  
  162  9:19  Shield Battery  
  162  9:22  Archon  
  144  9:32  Zealot x3  
  144  9:35  Zealot x5  
  158  9:43  Pylon  
  158  9:45  Pylon  
  135  9:53  Zealot x2  
  120  10:04  Zealot x3  
  115  10:08  Gateway  
  115  10:11  Gateway  
  115  10:12  Gateway  
  105  10:15  Gateway  
  105  10:16  Gateway  

Tags
 
Add a new tag
Caveats
  • Supply blocks, unpowered buildings, or Contaminate may cause inaccurate times.
  • Supply counts are checked every 10 seconds.